 Dungeon Crawl Stone Soup version 0.18.1-6-gd335043 (webtiles) character file.

528 Loading the Twirler (level 7, -9/44 HPs)
             Began as a Gargoyle Gladiator on May 15, 2016.
             Was an Initiate of Qazlal.
             Mangled by Blork the orc
             ... wielding a +0 battleaxe
              (14 damage)
             ... on level 5 of the Dungeon.
             The game lasted 00:15:26 (4993 turns).

Loading the Twirler (Gargoyle Gladiator)            Turns: 4993, Time: 00:15:26

Health: -9/44      AC: 12    Str: 23    XL:     7   Next: 23%
Magic:  7/7        EV: 12    Int:  9    God:    Qazlal [......]
Gold:   275        SH:  0    Dex: 12    Spells: 0 memorised, 6 levels left

rFire  + . .     SeeInvis .     a - +1 quarterstaff
rCold  x . .     Gourm    +     s - +0 ring mail
rNeg   + . .     Faith    .     (shield currently unavailable)
rPois  ∞         Spirit   .     c - +0 helmet
rElec  +         Dismiss  .     (no cloak)
rCorr  .         Reflect  .     w - +0 pair of gloves
SustAt .         Harm     .     (no boots)
MR     .....                    p - amulet of the gourmand
Stlth  +.........               (no ring)
                                e - ring of fire

@: mighty, not resistant to hostile enchantments, very unstealthy
A: negative energy resistance 1, electricity resistance, unbreathing,
petrification resistance, rot immunity, AC +4
a: Renounce Religion


You were on level 5 of the Dungeon.
You worshipped Qazlal.
Qazlal was noncommittal.
You were full.

You visited 1 branch of the dungeon, and saw 5 of its levels.
You also visited: Sewer and Ossuary.

You collected 275 gold pieces.

Inventory:

Hand Weapons
 a - a +1 quarterstaff (weapon)
Missiles
 d - 3 throwing nets (quivered)
Armour
 b - a +0 leather armour
 c - a +0 helmet (worn)
 j - a +0 plate armour
 r - a +3 leather armour
 s - a +0 ring mail (worn)
 w - a +0 pair of gloves (worn)
Magical Staves
 H - an uncursed staff of cold {unknown}
Jewellery
 e - a ring of fire (left hand)
 p - an amulet of the gourmand (around neck)
Wands
 t - a wand of iceblast (10/15)
 C - a wand of polymorph (11/24)
Scrolls
 g - a scroll of enchant armour {unknown}
 h - 6 scrolls of remove curse
 o - a scroll of noise
 q - a scroll of random uselessness {unknown}
 v - 4 scrolls of teleportation
 y - a scroll of fear
 G - a scroll of recharging
 I - a scroll of identify
Potions
 i - a potion of mutation
 k - 6 potions of curing
 l - a potion of cancellation
 x - a potion of magic {unknown}
 z - a potion of heal wounds {unknown}
 A - a potion of might
 B - a potion of brilliance {unknown}
 D - a potion of flight {unknown}
 E - 2 potions of beneficial mutation {unknown}
 F - 2 potions of haste
Comestibles
 f - 2 bread rations
 m - 8 fruits
 n - a beef jerky
 u - 2 royal jellies


   Skills:
 + Level 4.3 Fighting
 * Level 6.0 Staves
 - Level 1.7 Throwing
 + Level 3.6 Armour
 - Level 2.7 Dodging


You had 6 spell levels left.
You didn't know any spells.

Dungeon Overview and Level Annotations

Branches:
Dungeon (5/15)
 Temple: D:4-7

Altars:
Ashenzari
Elyvilon
Fedhas
Makhleb
Qazlal
Yredelemnul

Annotations:
D:5 Blork the orc


Innate Abilities, Weirdness & Mutations

You are resistant to torment.
Your stone body is resilient (AC +4).
You are immune to poison.
You resist negative energy.
You are resistant to electric shocks.
You can survive without breathing.
You are immune to petrification.
You are immune to rotting.


Message History

A puff of flame appears from out of thin air!
The puff of flame hits you! You resist.
You closely miss something.
The orc hits you from afar with a trident.
You hear some strange, mumbled words.
A puff of flame appears from out of thin air!
The puff of flame hits you! You resist.
You hit something but do no damage.
You hear some strange, mumbled words.
A puff of frost appears from out of thin air!
The puff of frost hits you!
You feel a terrible chill!
* * * LOW HITPOINT WARNING * * *
The orc barely misses you.
You hear some strange, mumbled words.
A puff of flame appears from out of thin air!
The puff of flame misses you.
Drink which item? (? for menu, Esc to quit)
You feel very mighty all of a sudden. Something hits you!
You die...

####.# ....#
#..# #.
#.<#### ..
#.....##.#
#####...#.h.#
$.........##.#
#####.##.## #.
#@# #. #{# #.
#o# #o# .o.
..# ###


You could see 3 orcs and a jackal (wandering).

Vanquished Creatures
  An elf zombie (Ossuary)
  A giant frog (D:4)
  A human zombie (Ossuary)
  Jessica (D:2)
  A worker ant (D:4)
  Ijyb (D:2)
  2 orc wizards (D:5)
  A big kobold zombie (Ossuary)
  4 mummies (Ossuary)
  5 adders
  A shadow imp (D:3)
  2 oozes
  2 adder zombies (Ossuary)
  A worm (D:3)
  A dart slug (D:2)
  4 giant geckos
  6 orcs
  5 ball pythons
  6 bats
  5 giant cockroaches
  4 goblins
  8 hobgoblins
  8 jackals
  10 kobolds
  2 quokkas
  9 giant newts
  2 goblin zombies (Ossuary)
  A jackal zombie (Ossuary)
  2 kobold zombies (Ossuary)
  An orc zombie (Ossuary)
  5 rats
  A rat zombie (Ossuary)
  4 plants (Sewer)
108 creatures vanquished.

Vanquished Creatures (others)
  A plant (Sewer)
1 creature vanquished.

Grand Total: 109 creatures vanquished

Notes
Turn   | Place    | Note
--------------------------------------------------------------
     0 | D:1      | Loading the Gargoyle Gladiator began the quest for the Orb.
     0 | D:1      | Reached XP level 1. HP: 12/12 MP: 1/1
   247 | D:1      | Reached XP level 2. HP: 14/17 MP: 2/2
   901 | D:2      | Reached XP level 3. HP: 22/22 MP: 3/3
   976 | D:2      | Found a burning altar of Makhleb.
  1099 | D:2      | Noticed Ijyb
  1103 | D:2      | Reached skill level 1 in Armour
  1113 | D:2      | Killed Ijyb
  1254 | D:2      | Noticed Jessica
  1260 | D:2      | Killed Jessica
  1260 | D:2      | Reached skill level 4 in Staves
  1260 | D:2      | Reached XP level 4. HP: 27/27 MP: 4/4
  1428 | D:2      | Found a white marble altar of Elyvilon.
  1740 | D:2      | Reached XP level 5. HP: 32/32 MP: 5/5
  1878 | D:3      | Found a basalt altar of Yredelemnul.
  1992 | D:3      | Found a glowing drain.
  2041 | Sewer    | Entered a sewer
  3141 | D:3      | Reached skill level 5 in Staves
  3516 | D:4      | Found a blossoming altar of Fedhas.
  3516 | D:4      | Found a stormy altar of Qazlal.
  3522 | D:4      | Reached XP level 6. HP: 37/37 MP: 6/6
  3539 | D:4      | Became a worshipper of Qazlal Stormbringer
  3581 | D:4      | Found a sand-covered staircase.
  3590 | Ossuary  | Entered an ossuary
  3673 | Ossuary  | Reached XP level 7. HP: 12/43 MP: 7/7
  4471 | D:4      | Found a shattered altar of Ashenzari.
  4960 | D:5      | Entered Level 5 of the Dungeon
  4964 | D:5      | Noticed Blork the orc
  4972 | D:5      | Reached skill level 6 in Staves
  4993 | D:5      | Mangled by Blork the orc

Skill      XL: |  1  2  3  4  5  6  7 |
---------------+----------------------+-----
Armour         | 1 2 3 |  3.6
Staves         | 4 5 6 |  6.0
Fighting       | 3 4 |  4.3
Throwing       | |  1.7
Dodging        | |  2.7

Action                   |  1- 3 |  4- 6 |  7- 9 || total
-------------------------+-------+-------+-------++-------
Melee: Quarterstaff      |    78 |   411 |    54 ||   543
  Use: Scroll            |     5 |     5 |     4 ||    14
       Potion            |       |       |     1 ||     1
  Eat: Chunk             |    21 |     9 |     1 ||    31
Armor: Leather armour    |    28 |    61 |       ||    89
       Ring mail         |       |    43 |    21 ||    64
Dodge: Dodged            |    48 |   172 |    19 ||   239
